Construct Section Command Post
Selects Australian Defense Battlegroup
Selects Australian Light Infantry Section
Australian Light Infantry Section
Construct Platoon Command Post
Australian Light Infantry Section
Selects CMP 15cwt Supply Run
Selects Artillery Trip Wire Flares
6-pounder Anti-tank Gun Team
Unlock Bishop Self-propelled Artillery
Bishop Self-propelled Artillery
Bishop Self-propelled Artillery
6-pounder Anti-tank Gun Team
Australian Light Infantry Section
Selects Charged Creeping Barrage
Bishop Self-propelled Artillery
Construct Company Command Post
Selects 2-pounder Anti-tank Gun Team
Selects Vehicle Over Repair